 Dungeon Crawl Stone Soup version 0.24-a0-205-g1d96822 (webtiles) character file.

Game seed: 9725315271080887361

150 Borgoz the Cutter (level 5, 0/32 HPs)
             Began as a Kobold Gladiator on Mar 28, 2019.
             Killed from afar by a gnoll (8 damage)
             ... with a wand of flame (15)
             ... on level 4 of the Dungeon.
             The game lasted 00:04:30 (3012 turns).

Borgoz the Cutter (Kobold Gladiator)                Turns: 3012, Time: 00:04:32

Health: 0/32       AC:  5    Str: 12    XL:     5   Next: 58%
Magic:  5/5        EV: 16    Int:  9    God:
Gold:   257        SH:  0    Dex: 17    Spells: 4/4 levels left

rFire    . . .     SeeInvis .   a - +0 rapier
rCold    . . .     Gourm    .   (shield restricted)
rNeg     . . .     Faith    .   b - +0 leather armour
rPois    .         Spirit   .   c - +0 helmet
rElec    .         Reflect  .   (no cloak)
rCorr    .         Harm     .   e - +0 pair of gloves
MR       .....                  (no boots)
Stlth    ++........             (no amulet)
HPRegen  0.10/turn              (no ring)
MPRegen  0.09/turn              (no ring)

@: no status effects
A: small, carnivore
a: no special abilities


You were on level 4 of the Dungeon.
You were completely stuffed.

You visited 1 branch of the dungeon, and saw 4 of its levels.

You collected 257 gold pieces.

Inventory:

Hand Weapons
 a - a +0 rapier (weapon)
Missiles
 d - 3 throwing nets (quivered)
Armour
 b - a +0 leather armour (worn)
 c - a +0 helmet (worn)
 e - a +0 pair of gloves (worn)
Jewellery
 q - an uncursed amulet of the acrobat {unknown}
Scrolls
 h - 2 scrolls of amnesia {unknown}
 i - a scroll of random uselessness {unknown}
 j - 2 scrolls of immolation {unknown}
 l - 4 scrolls of identify {unknown}
 m - 2 scrolls of teleportation {unknown}
 p - a scroll of blinking {unknown}
 s - a scroll of remove curse {unknown}
 t - a scroll of fear {unknown}
 v - a scroll of enchant armour {unknown}
Potions
 g - 3 potions of heal wounds {unknown}
 k - a potion of flight {unknown}
 n - a potion of might {unknown}
 o - 2 potions of curing {unknown}
 r - a potion of degeneration {unknown}
Comestibles
 f - 7 rations
 u - 9 chunks of flesh


   Skills:
 + Level 3.1 Fighting
 + Level 4.8 Short Blades
 + Level 3.0 Throwing
 + Level 1.3 Armour
 + Level 4.3 Dodging
 + Level 2.7 Stealth


You had 4 spell levels left.
You didn't know any spells.
Your spell library was empty.

Dungeon Overview and Level Annotations

Branches:
Dungeon (4/15)
 Temple: D:4-7

Altars:
Qazlal


Innate Abilities, Weirdness & Mutations

You are small and have problems with some larger weapons.
You are carnivorous and can eat meat at any time.


Message History

You kill the gnoll!
You hit the gnoll.
The gnoll is lightly wounded.
The gnoll hits you with a +0 flail.
You closely miss the gnoll.
The gnoll is lightly wounded.
The gnoll hits you with a +0 flail. The gnoll hits you with a +0 whip.
You barely miss the gnoll.
The gnoll is lightly wounded.
The gnoll zaps a wand.
The puff of flame hits you. The gnoll misses you.
You puncture the gnoll!
The gnoll is heavily wounded.
The gnoll zaps a wand.
The puff of flame hits you!
* * * LOW HITPOINT WARNING * * *
The gnoll misses you.
You are too injured to fight recklessly!
You are too injured to fight recklessly!
You are too injured to fight recklessly!
You barely miss the gnoll.
The gnoll zaps a wand.
The puff of flame hits you!
You die...

#.........# #.........#
##.........# #####
#.#####.........!#
....# #.....#......^...
....####
####...........##
....##<# ###.........#
....##g# #..#........
.......# ##@#.####.##
....###### ##g#.# .#
....##$..######g...#
###g##...#.......##....
#.##...#....)..# ....
#.##...#.......# ...
#...รท.....(.?...# ..
####...#.....##.# $
#####.....# ..#


You could see 2 gnolls.

Vanquished Creatures
  A worker ant (D:4)
  A gnoll (D:4)
  3 adders
  An ooze (D:1)
  2 worms
  2 dart slugs (D:1)
  2 leopard geckos
  4 orcs (D:3)
  8 bats
  2 giant cockroaches
  7 goblins
  8 hobgoblins
  9 jackals
  A quokka (D:3)
  A ball python (D:4)
  3 frilled lizards
  7 kobolds
  5 rats
67 creatures vanquished.

Notes
Turn   | Place    | Note
-------+----------+-------------------------------------------
     0 | D:1      | Borgoz the Kobold Gladiator began the quest for the Orb.
     0 | D:1      | Reached XP level 1. HP: 12/12 MP: 1/1
   225 | D:1      | Reached skill level 1 in Stealth
   225 | D:1      | Reached XP level 2. HP: 18/18 MP: 2/2
   537 | D:1      | Reached XP level 3. HP: 16/22 MP: 3/3
  1035 | D:2      | Reached XP level 4. HP: 21/27 MP: 4/4
  1264 | D:2      | Reached skill level 1 in Armour
  2462 | D:3      | Reached XP level 5. HP: 24/32 MP: 5/5
  2600 | D:3      | Found a stormy altar of Qazlal.
  3012 | D:4      | Killed from afar by a gnoll

Levels and vault maps discovered:
D:1:      dpeg_arrival_morbid_curiosity, layout_loops_ring, minmay_pentomino_u2
D:2:      layout_loops_ring, first_ration
D:3:      layout_basic, lemuel_coloured_pillars_altar
D:4:      layout_basic, kennysheep_vampire_church, lemuel_crystal_altar,
          minmay_joined_circles

Skill      XL: |  1  2  3  4  5 |
---------------+----------------+-----
Stealth        | 1 2 |  2.7
Dodging        | 4 |  4.3
Armour         | 1 |  1.3
Fighting       | 3 |  3.1
Throwing       | 3 |  3.0
Short Blades   | |  4.8

Action                   |  1- 3 |  4- 6 || total
-------------------------+-------+-------++-------
Melee: Rapier            |    81 |   158 ||   239
 Stab: Sleeping          |     1 |     5 ||     6
  Eat: Chunk             |     8 |     7 ||    15
Armor: Leather armour    |    26 |    43 ||    69
Dodge: Dodged            |    45 |   141 ||   186

Table legend:
 A = Non-vault XP
 B = Vault XP
 C = Vault XP percentage of total XP
 D = Non-vault monster count
 E = Vault monster count
 F = Vault count percentage of total count
                 A         B        C        D         E       F
            +---------+---------+-------+---------+---------+-------
      Total |     202 |      13 |   6.0 |      60 |       7 |  10.4
            +---------+---------+-------+---------+---------+-------
        D:1 |      29 |      13 |  31.0 |      12 |       7 |  36.8
        D:2 |      54 |       0 |   0.0 |      17 |       0 |   0.0
        D:3 |      53 |       0 |   0.0 |      21 |       0 |   0.0
        D:4 |      66 |       0 |   0.0 |      10 |       0 |   0.0
            +---------+---------+-------+---------+---------+-------
